AoeStats
← EdgarCarrito

Black Forest

508755903Analyzed
4v4 RM · 8d ago on Sep 23, 2026· 99m 40s· 8 players
Game mode
Random Map
Map size
Large (8 player)
Population
200
Speed
Normal
Resources
Standard
Victory
Conquest
Starting age
Dark Age
Ending age
Imperial Age
RankedLock teamsTeams togetherTeam positionsShared explorationLock speedFull tech treeHidden civsTurbo modeCheats
Victory
Defeat
🇧🇷 Bohemians · Brazil
605
+22
🇨🇴 Persians · Colombia
598
+23
🇺🇸 Mongols · United States
456
+27
🇦🇷 Byzantines · Argentina
454
+27
🇺🇸 Danes · United States
773
-26
🇿🇦 Japanese · South Africa
764
-25
🇫🇷 Byzantines · France
745
-25
🇵🇪 Franks · Peru
689
-23
EdgarCarrito
10:56 Feudal Age
16:37 Castle Age
24:38 Double-Bit Axe
26:48 Bow Saw
28:01 Horse Collar
32:27 Imperial Age
30:02 Heavy Plow
31:35 Wheelbarrow
31:51 Gold Mining
32:40 Hand Cart
32:14 Elite War Elephant
33:41 Crop Rotation
34:32 Two-Man Saw
34:09 Conscription
35:51 Gold Shaft Mining
35:31 Scale Barding Armor
35:37 Forging
35:50 Kamandaran
36:57 Chain Barding Armor
38:04 Iron Casting
40:18 Blast Furnace
40:41 Plate Barding Armor
40:10 Padded Archer Armor
40:01 Fletching
39:58 Crossbowman
40:44 Thumb Ring
41:36 Husbandry
41:46 Bloodlines
44:28 Bodkin Arrow
44:49 Leather Archer Armor
45:08 Ballistics
44:49 Murder Holes
47:24 Chemistry
47:04 Ring Archer Armor
60:44 Onager
97:22 Spies/Treason
Blinkstriker
1:27 Loom
15:30 Feudal Age
17:24 Wheelbarrow
20:00 Double-Bit Axe
22:32 Castle Age
20:21 Horse Collar
23:31 Hand Cart
28:21 Fervor
31:59 Town Watch
39:06 Elite Skirmisher
39:49 Squires
39:10 Pikeman
39:53 Padded Archer Armor
39:44 Fletching
40:04 Forging
39:55 Scale Mail Armor
43:20 Imperial Age
43:30 Imperial Age
42:39 Wagenburg Tactics
42:58 Caravan
43:26 Bodkin Arrow
43:46 Leather Archer Armor
44:07 Town Patrol
45:04 Conscription
45:22 Iron Casting
47:24 Ring Archer Armor
46:55 Bracer
47:12 Chain Mail Armor
47:58 Blast Furnace
48:00 Chemistry
47:21 Ballistics
46:49 Halberdier
50:09 Bombard Tower
49:56 Siege Engineers
49:48 Murder Holes
50:05 Masonry
51:14 Fortified Wall
52:59 Houfnice
85:33 Plate Mail Armor
Berlin La Fiera
0:32 Loom
13:56 Feudal Age
14:23 Double-Bit Axe
14:23 Horse Collar
15:22 Wheelbarrow
21:37 Scale Barding Armor
21:43 Forging
21:58 Gold Mining
22:30 Stone Mining
25:55 Castle Age
26:58 Bow Saw
27:06 Hand Cart
26:56 Heavy Plow
28:32 Caravan
41:03 Chain Barding Armor
41:19 Iron Casting
40:35 Fletching
40:46 Padded Archer Armor
40:47 Scale Mail Armor
40:51 Husbandry
40:13 Light Cavalry
44:21 Greek Fire
46:06 Gold Shaft Mining
46:07 Stone Shaft Mining
46:43 Murder Holes
47:10 Ballistics
46:45 Guard Tower
46:36 Treadmill Crane
50:54 Imperial Age
50:03 Bodkin Arrow
50:24 Leather Archer Armor
50:25 Chain Mail Armor
50:54 Fortified Wall
53:06 Chemistry
51:53 Arrowslits
52:46 Keep
51:38 Heavy Camel Rider
51:39 Cavalier
51:39 Hussar
53:00 Plate Barding Armor
52:26 Bracer
52:57 Ring Archer Armor
52:44 Elite Cataphract
53:45 Conscription
54:01 Hoardings
54:30 Logistica
56:04 Bombard Tower
92:15 Two-Man Saw
91:56 Plate Mail Armor
non-offensive-name
0:50 Loom
21:21 Feudal Age
23:37 Gold Mining
23:37 Stone Mining
23:38 Double-Bit Axe
25:39 Wheelbarrow
24:49 Town Watch
27:48 Man-at-Arms
28:14 Arson
31:25 Bloodlines
31:02 Horse Collar
36:23 Castle Age
37:18 Elite Skirmisher
37:18 Crossbowman
37:23 Pikeman
37:23 Long Swordsman
38:04 Squires
38:06 Heavy Plow
39:12 Hand Cart
39:36 Husbandry
38:56 Light Cavalry
41:25 Forging
41:16 Padded Archer Armor
41:06 Fletching
41:17 Scale Mail Armor
41:23 Scale Barding Armor
42:04 Thumb Ring
43:08 Town Patrol
43:33 Ballistics
45:53 Bow Saw
47:15 Stone Shaft Mining
47:20 Gold Shaft Mining
48:27 Chain Mail Armor
48:48 Iron Casting
48:34 Chain Barding Armor
48:30 Leather Archer Armor
51:20 Bodkin Arrow
51:24 Murder Holes
51:40 Masonry
51:21 Guard Tower
53:40 Nomads
57:06 Fortified Wall
59:59 Imperial Age
60:04 Onager
60:56 Siege Engineers
61:52 Chemistry
61:55 Blast Furnace
61:26 Plate Mail Armor
60:57 Bracer
60:24 Heavy Camel Rider
61:38 Drill
61:39 Conscription
63:38 Capped Ram
65:29 Caravan
65:59 Coinage
66:43 Siege Onager
72:34 Banking
71:37 Two-Handed Swordsman
71:41 Elite Steppe Lancer
73:00 Parthian Tactics
74:21 Elite Mangudai
74:57 Champion
76:25 Hoardings
85:33 Siege Ram
85:36 Heavy Scorpion
85:43 Cavalier
86:15 Hussar
eric.ashmore
10:37 Feudal Age
11:56 Wheelbarrow
11:17 Double-Bit Axe
11:26 Horse Collar
26:34 Castle Age
25:26 Stone Mining
27:38 Bow Saw
27:51 Squires
27:12 Pikeman
27:40 Arson
28:38 Gold Mining
29:24 Stone Shaft Mining
31:47 Gold Shaft Mining
35:57 Imperial Age
34:56 Hand Cart
36:39 Heavy Plow
36:57 Murder Holes
37:35 Conscription
37:36 Town Watch
38:39 Caravan
38:08 Halberdier
41:10 Elite Jomsviking
51:07 Thumb Ring
64:24 Onager
65:14 Scale Mail Armor
65:25 Forging
65:58 Siege Onager
94:02 Elite Varangian Guard
leonedu
1:16 Loom
13:52 Feudal Age
17:40 Castle Age
16:38 Double-Bit Axe
16:46 Gold Mining
16:48 Stone Mining
19:01 Wheelbarrow
21:38 Fishing Lines
23:24 Hand Cart
25:58 Fervor
26:13 Sanctity
29:42 Caravan
29:53 Town Watch
32:57 Imperial Age
32:16 Masonry
32:18 Fortified Wall
33:03 Forging
32:59 Scale Barding Armor
32:45 Fletching
32:54 Murder Holes
32:58 Gillnets
33:07 Pikeman
34:24 Iron Casting
34:24 Husbandry
35:40 Halberdier
36:42 Chain Barding Armor
37:23 Blast Furnace
37:22 Gold Shaft Mining
37:00 Bow Saw
36:53 Bodkin Arrow
37:22 Ballistics
37:34 Architecture
37:13 Cavalier
38:23 Conscription
38:47 Squires
38:33 Arson
39:26 Plate Barding Armor
38:52 Scale Mail Armor
38:38 Onager
39:46 Paladin
40:37 Chivalry
41:13 Hoardings
43:01 Chain Mail Armor
47:14 Plate Mail Armor
56:09 Ordonnance Companies
58:40 Chemistry
57:20 Treadmill Crane
70:32 Padded Archer Armor
90:33 Illumination
90:23 Block Printing
nils et victor
16:34 Feudal Age
17:05 Double-Bit Axe
17:01 Horse Collar
25:26 Castle Age
27:01 Heavy Plow
27:14 Bow Saw
27:22 Gold Mining
27:24 Stone Mining
27:36 Caravan
35:52 Wheelbarrow
37:15 Hand Cart
39:35 Imperial Age
38:38 Hand Cart
38:12 Loom
39:57 Elite Cataphract
42:08 Logistica
42:57 Stone Shaft Mining
43:32 Conscription
45:02 Scale Mail Armor
45:07 Scale Barding Armor
45:13 Forging
46:53 Chain Barding Armor
46:49 Chain Mail Armor
48:08 Two-Man Saw
47:40 Crop Rotation
51:10 Chemistry
50:48 Iron Casting
50:43 Plate Mail Armor
50:48 Plate Barding Armor
52:47 Gold Shaft Mining
56:12 Pikeman
56:53 Squires
56:38 Gambesons
56:31 Elite Varangian Guard
56:48 Man-at-Arms
56:54 Elite Skirmisher
57:41 Thumb Ring
59:53 Halberdier
65:19 Coinage
64:59 Guilds
74:09 Ballistics
74:32 Banking
sheldongriffinjohnson
6:15 Loom
13:04 Feudal Age
16:35 Double-Bit Axe
21:07 Castle Age
19:30 Gold Mining
25:17 Wheelbarrow
27:07 Bow Saw
29:10 Horse Collar
34:54 Imperial Age
34:23 Yasama
35:20 Elite Samurai
38:49 Hand Cart
39:39 Two-Man Saw
39:21 Gold Shaft Mining
40:13 Chemistry
39:13 Arrowslits
39:58 Caravan
41:19 Guard Tower
43:20 Conscription
43:48 Heavy Plow
43:48 Loom
43:49 Town Watch
43:31 Capped Ram
44:37 Heavy Scorpion
46:02 Forging
45:53 Scale Mail Armor
51:26 Iron Casting
51:07 Chain Mail Armor
64:24 Pikeman
65:07 Squires
65:47 Hoardings
65:52 Keep
69:01 Halberdier
73:51 Onager
73:59 Onager
Connection lost

Rejoining the realm…

Still unreachable

The connection could not be restored.

Session expired

The server has moved on; the page needs a fresh start.